 Dungeon Crawl Stone Soup version 0.16.1-30-g34a7ffa (webtiles) character file.

1423 Ladykiller69 the Chopper (level 9, -1/68 HPs)
             Began as a Formicid Fighter on June 25, 2015.
             Was a Follower of Cheibriados.
             Slain by Pikel
             ... wielding a +1 whip of flaming
              (3 damage)
             ... on level 7 of the Dungeon on June 26, 2015.
             The game lasted 00:30:31 (4564 turns).

Ladykiller69 the Chopper (Formicid Fighter)         Turns: 4564, Time: 00:30:31

Health: -1/68      AC:  0    Str: 22    XL:     9   Next: 2%
Magic:  12/12      EV: 17    Int:  9    God:    Cheibriados [*.....]
Gold:   244        SH:  0    Dex: 17    Spells: 0 memorised, 8 levels left

rFire  . . .     SeeInvis .     E - melded +0 broad axe
rCold  . . .     Clarity  .     m - melded +0 chain mail
rNeg   . . .     SustAb   .     c - melded +0 shield
rPois  .         Gourm    .     (helmet unavailable)
rElec  .         Spirit   .     (cloak currently unavailable)
rCorr  .         Warding  .     C - melded +0 pair of gloves
rMut   .         Stasis   +     v - melded +0 pair of boots
MR     .....                    (no amulet)
Stlth  ++........               (ring currently unavailable)
                                (ring currently unavailable)

@: bat-form (expiring), flying, quick, not resistant to hostile enchantments,
unstealthy
A: permanent stasis, dig shafts and tunnels, four strong arms, (antennae 0)
a: Dig, Shaft Self, Bend Time, Renounce Religion


You were on level 7 of the Dungeon.
You worshipped Cheibriados.
Cheibriados was aware of your devotion.
You were hungry.
You were in bat-form.
You visited 2 branches of the dungeon, and saw 8 of its levels.

You collected 244 gold pieces.

Inventory:

Hand weapons
 a - a +0 war axe
 E - a +0 broad axe (melded)
Armour
 b - a +0 scale mail
 c - a +0 shield (melded)
 m - a +0 chain mail (melded)
 v - a +0 pair of boots (melded)
 C - a +0 pair of gloves (melded)
Jewellery
 B - a +6 ring of protection {unknown}
 I - a cursed -2 ring of intelligence {unknown}
Scrolls
 f - 10 scrolls of teleportation {unknown}
 l - 6 scrolls of identify {unknown}
 q - 2 scrolls of amnesia {unknown}
 r - 2 scrolls of immolation {unknown}
 s - 4 scrolls of random uselessness {unknown}
 w - 2 scrolls of enchant armour {unknown}
 x - a scroll of magic mapping {unknown}
 y - 2 scrolls of fog {unknown}
 A - 3 scrolls of remove curse {unknown}
 F - a scroll of enchant weapon {unknown}
 H - a scroll of holy word {unknown}
Potions
 e - 3 potions of might
 g - 2 potions of curing
 i - a potion of invisibility
 j - a potion of restore abilities {unknown}
 n - a potion of agility {unknown}
 o - a potion of cancellation {unknown}
 p - 2 potions of brilliance {unknown}
 t - a potion of resistance {unknown}
 u - a potion of lignification {unknown}
Books
 k - a book of Beasts

   Spells                             Type                      Level
   a - Summon Butterflies             Summoning                    1
   b - Call Canine Familiar           Summoning                    3
   c - Summon Ice Beast               Ice/Summoning                4
   d - Summon Mana Viper              Hexes/Summoning              5
   e - Monstrous Menagerie            Summoning                    6
   f - Summon Hydra                   Summoning                    7
 D - a book of Enchantments

   Spells                             Type                      Level
   a - Tukima's Dance                 Hexes                        3
   b - Cause Fear                     Hexes                        4
   c - Silence                        Hexes/Air                    5
   d - Deflect Missiles               Charms/Air                   6
   e - Haste                          Charms                       6
   f - Discord                        Hexes                        8
Comestibles
 d - 8 bread rations
 h - 2 fruits
 z - a meat ration


   Skills:
 - Level 5.0 Fighting
 * Level 7.2 Axes
 + Level 6.3 Armour
 + Level 6.8 Shields


You had 8 spell levels left.
You didn't know any spells.

Dungeon Overview and Level Annotations

Branches:
Dungeon (7/15)             Temple (1/1) D:4

Altars:
Ashenzari
Cheibriados
Dithmenos
Elyvilon
Fedhas
Gozag
Nemelex Xobeh
Okawaru
Qazlal
Ru
Sif Muna
Trog
Vehumet
Yredelemnul
Zin
The Shining One

Shops:
D:5 *=!

Annotations:
D:2 Sigmund
D:3 1 runed door
D:6 theElss' ghost, average DEWz
D:7 Pikel


Innate Abilities, Weirdness & Mutations

You are under a permanent stasis effect.
You can dig through walls and to a lower floor.
Your four strong arms can wield two-handed weapons with a shield.
((You have a pair of large antennae on your head (SInv).))


Message History

* * * LOW HITPOINT WARNING * * *
You are too injured to fight recklessly!
You are too injured to fight recklessly!
You barely miss Pikel.
Pikel is severely wounded.
You hit Pikel but do no damage.
Pikel is severely wounded.
Pikel hits you with a whip of flaming!
* * * LOW HITPOINT WARNING * * *
Pikel burns you.
* * * LOW HITPOINT WARNING * * *
Use which ability? (? or * to list) Are you sure you want to shaft yourself?
You feel quite a bit more hungry. Pikel closely misses you.
You begin to dig a shaft.
You continue digging a shaft.
Your transformation is almost over.
Pikel hits you with a whip of flaming!
* * * LOW HITPOINT WARNING * * *
Pikel burns you.
You die...

###########.
#b#{{{......#
##K#{.......#
###.p......#
#...{.p..
#......p.
#........
#.......
###.### .#


You could see Pikel.

Vanquished Creatures
  2 phantoms
  A slave (D:7)
  3 centaurs
  2 ogres
  A giant frog (D:4)
  5 wights (D:6)
  2 crimson imps (D:4)
  A giant frog zombie (D:5)
  A hound (D:6)
  An iguana (D:5)
  3 orc wizards (D:4)
  An orc priest (D:4)
  3 worker ants
  A killer bee zombie (D:5)
  Robin (D:2)
  8 adders
  3 gnolls (D:6)
  A shadow imp (D:6)
  2 worms
  A giant mite (D:4)
  2 adder zombies
  5 giant geckos
  An ooze (D:2)
  4 orcs (D:4)
  2 ball pythons
  2 giant cockroaches
  18 goblins
  10 hobgoblins
  2 jackals (D:2)
  4 kobolds
  2 quokkas
  7 bats
  5 giant newts
  4 rats
111 creatures vanquished.

Vanquished Creatures (others)
  2 bushes (D:4)
2 creatures vanquished.

Grand Total: 113 creatures vanquished

Notes
Turn   | Place    | Note
--------------------------------------------------------------
     0 | D:1      | Ladykiller69, the Formicid Fighter, began the quest for the Orb.
     0 | D:1      | Reached XP level 1. HP: 18/18 MP: 1/1
   293 | D:1      | Reached XP level 2. HP: 24/24 MP: 3/3
   586 | D:2      | Noticed Robin
   629 | D:2      | Killed Robin
   629 | D:2      | Reached XP level 3. HP: 13/29 MP: 4/4
   748 | D:2      | Noticed Sigmund
  1355 | D:2      | Reached XP level 4. HP: 28/35 MP: 5/5
  1591 | D:2      | Reached skill level 4 in Shields
  2046 | D:3      | Found a glowing silver altar of Zin.
  2055 | D:3      | Found a runed door.
  2055 | D:3      | Noticed an angel
  2128 | D:3      | Reached XP level 5. HP: 37/41 MP: 7/7
  2339 | D:4      | Reached XP level 6. HP: 43/48 MP: 8/8
  2385 | D:4      | Found a blossoming altar of Fedhas.
  2385 | D:4      | Noticed an ogre
  2386 | D:4      | Noticed a centaur
  2463 | D:4      | Found a staircase to the Ecumenical Temple.
  2469 | Temple   | Entered the Ecumenical Temple
  2824 | D:4      | Noticed a phantom
  2868 | D:4      | Killed a phantom
  2905 | D:4      | Reached skill level 5 in Shields
  2905 | D:4      | Reached XP level 7. HP: 39/55 MP: 9/9
  3054 | D:4      | Killed an ogre
  3054 | D:4      | Reached skill level 5 in Axes
  3145 | D:4      | Killed a centaur
  3145 | D:4      | Reached skill level 5 in Armour
  3536 | D:5      | Entered Level 5 of the Dungeon
  3536 | D:5      | Found Ucoulenu's Jewellery Shoppe.
  3551 | D:5      | Reached skill level 5 in Fighting
  3551 | D:5      | Reached XP level 8. HP: 43/62 MP: 11/11
  3564 | D:5      | Found Preklam's Distillery.
  3577 | D:5      | Found a bloodstained altar of Trog.
  3584 | D:5      | Found a sacrificial altar of Ru.
  3680 | D:5      | Reached skill level 6 in Axes
  3763 | D:5      | Found Zoulon's Assorted Antiques.
  4038 | D:5      | Found a snail-covered altar of Cheibriados.
  4051 | D:5      | Became a worshipper of Cheibriados the Contemplative
  4399 | D:6      | Acquired Cheibriados' first power
  4399 | D:6      | Reached skill level 7 in Axes
  4405 | D:6      | Noticed theElss' ghost (average DEWz)
  4507 | D:7      | Noticed Pikel
  4524 | D:7      | Reached XP level 9. HP: 43/68 MP: 12/12
  4564 | D:7      | HP: 2/68 [Pikel/whip of flaming (10)]
  4564 | D:7      | Slain by Pikel

Action                   |  1- 3 |  4- 6 |  7- 9 || total
-------------------------+-------+-------+-------++-------
Melee: War axe           |    96 |   154 |    67 ||   317
       Broad axe         |       |       |   155 ||   155
       Unarmed           |       |       |    33 ||    33
 Abil: Dig               |     8 |     9 |    16 ||    33
       Shaft Self        |       |       |     1 ||     1
  Use: Potion            |     2 |       |       ||     2
  Eat: Chunk             |     2 |     6 |     6 ||    14
       Beef jerky        |     1 |       |       ||     1
       Fruit             |       |       |     2 ||     2
